 Dungeon Crawl Stone Soup version 0.29.1-1-gd02db6906a (webtiles) character file.

Game seed: 1995735621123301618

48446 croobank the Spry (level 14, -1/105 HPs)
             Began as a Felid Summoner on Oct 1, 2022.
             Was an Initiate of Gozag.
             Constricted to death by an anaconda (3 damage)
             ... led by a naga ritualist
             ... on level 2 of the Snake Pit on Oct 2, 2022.
             The game lasted 03:25:56 (39320 turns).

croobank the Spry (Felid Summoner)                 Turns: 39320, Time: 03:25:57

Health: -1/105     AC:  3    Str:  4    XL:     14   Next: 12%
Magic:  14/30      EV: 27    Int: 33    God:    Gozag
Gold:   2223       SH:  0    Dex: 17    Spells: 4/36 levels left
                                        Lives:  0   Deaths: 4

rFire   . . .      SeeInvis +   (weapon unavailable)
rCold   + . .      Faith    .   (shield unavailable)
rNeg    + . .      Spirit   .   (body armour unavailable)
rPois   .          Reflect  .   (helmet unavailable)
rElec   .          Harm     .   (cloak unavailable)
rCorr   .          Rampage  .   (gloves unavailable)
Will    +++++      Clarity  +   (boots unavailable)
Stlth   ..........              R - amulet of the Four Winds {rN+ Will+++ Clar}
HPRegen 0.27/turn               a - +6 ring of intelligence
MPRegen 0.22/turn               P - +6 ring of intelligence

@: mighty, berserking, lethally poisoned (-1 -> -10), marked, weakened, gold
aura, hasted, constricted, very quick
A: very small, claws 1, fangs 3, see invisible, speed 1, shaggy fur 3, stealthy
paws, no weapons or thrown items, no armour, multi-lived
a: Renounce Religion, Potion Petition, Call Merchant, Bribe Branch


You were on level 2 of the Snake Pit.
You worshipped Gozag.
Gozag was most pleased with you.
You visited 5 branches of the dungeon, and saw 22 of its levels.
You also visited: Volcano.

You collected 7564 gold pieces.
You spent 1848 gold pieces at shops.
You paid 3493 gold pieces to Gozag.

Inventory:

Jewellery
 a - a +6 ring of intelligence (left paw)
 b - a +4 ring of protection
 z - the ring "Onimih" {Wiz rF- Int+9 Dex-5 SInv}
   (You found it on level 7 of the Dungeon)

   [ring of wizardry]

   It improves your spell success rate.
   Int:       It affects your intelligence (+9).
   Dex:       It affects your dexterity (-5).
   rF:        It makes you vulnerable to fire.
   SInv:      It lets you see invisible.
 D - a ring of flight
 F - a ring of resist corrosion
 I - a +6 ring of dexterity
 M - a ring of positive energy
 P - a +6 ring of intelligence (right paw)
 R - the amulet of the Four Winds (around neck) {rN+ Will+++ Clar}
   (You bought it in a shop on level 2 of the Orcish Mines)

   [amulet of nothing]

   rN:        It protects you from negative energy.
   Clar:      It protects you against confusion.
   Will:      It greatly increases your willpower.
Wands
 e - a wand of flame (22)
 k - a wand of digging (11)
 t - a wand of polymorph (8)
 C - a wand of charming (28)
 K - a wand of quicksilver (2)
 O - a wand of mindburst (2)
Scrolls
 d - 4 scrolls of noise
 g - 2 scrolls of magic mapping
 h - 3 scrolls of teleportation
 j - a scroll of amnesia
 n - 2 scrolls of immolation
 o - 4 scrolls of vulnerability
 w - 3 scrolls of torment
 x - 3 scrolls of identify
 y - 3 scrolls of fear
 B - 2 scrolls of brand weapon
 H - 2 scrolls of poison
 J - 3 scrolls of silence
Potions
 c - 4 potions of mutation
 f - 4 potions of lignification
 m - 3 potions of degeneration
 p - a potion of might
 q - 5 potions of haste
 r - 2 potions of brilliance
 s - 8 potions of curing
 u - a potion of berserk rage
 v - 3 potions of attraction
 A - 2 potions of flight
 N - a potion of ambrosia
Miscellaneous
 i - a condenser vane (inert)
 G - a lightning rod (inert)


   Skills:
 + Level 13.6 Fighting
 + Level 17.6 Dodging
 - Level 4.0 Stealth
 + Level 11.7 Spellcasting
 - Level 7.0 Hexes
 + Level 11.9 Summonings
 - Level 9.1 Translocations
 + Level 3.1 Transmutations
 + Level 7.6 Air Magic


You had 4 spell levels left.
You knew the following spells:

 Your Spells              Type           Power      Damage    Failure   Level
a - Summon Small Mammal   Summ           100%       N/A       1%          1
b - Call Imp              Summ           78%        N/A       1%          2
c - Call Canine Familiar  Summ           78%        N/A       1%          3
d - Summon Guardian Gole  Hex/Summ       70%        N/A       1%          3
e - Summon Lightning Spi  Summ/Air       71%        N/A       1%          4
f - Apportation           Tloc           100%       N/A       1%          1
g - Airstrike             Air            31%        2d(5-21)  1%          4
h - Storm Form            Tmut/Air       26%        N/A       92%         7
i - Blink                 Tloc           100%       N/A       1%          2
j - Manifold Assault      Tloc           68%        N/A       1%          5

Your spell library contained the following spells:

 Spells                   Type           Power      Damage    Failure   Level
 Beastly Appendage        Tmut           80%        N/A       1%          1
 Ensorcelled Hibernation  Hex/Ice        84%        N/A       1%          2
 Passwall                 Tmut/Erth      24%        N/A       1%          2
 Poisonous Vapours        Pois/Air       88%        N/A       1%          2
 Wereblood                Tmut           40%        N/A       1%          2
 Swiftness                Air            62%        N/A       1%          3
 Cause Fear               Hex            30%        N/A       1%          4
 Freeze                   Ice            76%        1d9       2%          1
 Sandblast                Erth           38%        2d10      2%          1
 Sublimation of Blood     Necr           19%        N/A       3%          2
 Spider Form              Tmut/Pois      29%        N/A       3%          3
 Leda's Liquefaction      Hex/Erth       21%        N/A       5%          4
 Frozen Ramparts          Ice            38%        1d6       7%          3
 Ozocubu's Armour         Ice            19%        N/A       7%          3
 Petrify                  Tmut/Erth      29%        N/A       12%         4
 Hailstorm                Conj/Ice       19%        3d6       24%         4
 Lightning Bolt           Conj/Air       22%        1d37      14%         5
 Metabolic Englaciation   Hex/Ice        21%        N/A       16%         5
 Alistair's Intoxication  Tmut/Pois      19%        N/A       34%         5
 Irradiate                Conj/Tmut      14%        3d16      34%         5
 Agony                    Necr           19%        N/A       54%         5
 Lee's Rapid Deconstruct  Erth           9%         3d8*      54%         5
 Statue Form              Tmut/Erth      19%        N/A       88%         6
 Dragon Form              Tmut           20%        N/A       99%         7
 Death's Door             Necr           9%         N/A       100%        9
 Dragon's Call            Summ           39%        N/A       100%        9
 Corpse Rot               Necr/Pois/Air  Unusable   N/A       N/A         4
 Simulacrum               Ice/Necr       Unusable   N/A       N/A         6

Dungeon Overview and Level Annotations

Branches:
Dungeon (12/15)            Temple (1/1) D:4            Lair (5/5) D:8
  Swamp (0/4) Lair:2        Snake (2/4) Lair:3        Slime (0/5) Lair:4
    Orc (2/2) D:10            Elf (0/3) Orc:2       Volcano (visited)

Altars:
Ashenzari
Cheibriados
Dithmenos
Elyvilon
Fedhas
Gozag
Hepliaklqana
Kikubaaqudgha
Makhleb
Nemelex Xobeh
Okawaru
Qazlal
Ru
Sif Muna
Trog
Uskayaw
Vehumet
Wu Jian
Xom
Yredelemnul
Zin
The Shining One
Jiyva
Lugonu

Shops:
D:5 ?   D:6 [!   Orc:2 [[:=   Snake:1 *

Portals:
Abyss: Lair:5

Annotations:
D:3 1 runed translucent door
D:4 2 transporters, TheSexyCheese's ghost, amateur HOFi
D:5 1 runed translucent door, Crazy Yiuf
D:10 2 runed translucent doors
Lair:3 3 runed translucent doors, mortz's ghost, journeyman DgCj
Snake:1 1 runed translucent door
Orc:2 2 transporters, miserystealer's ghost, journeyman GnAM


Innate Abilities, Weirdness & Mutations

You have sharp claws.
You have razor-sharp teeth.
You have supernaturally acute eyesight. (SInv)
You cover ground quickly. (Speed+)
Your thick and shaggy fur keeps you warm. (AC +3, rC+)
Your paws help you pounce on unaware monsters.
You are incapable of wielding weapons or throwing items.
You cannot wear armour.
You gain extra lives every three experience levels.


Message History

You scratch the anaconda. You claw the anaconda!
The anaconda is lightly wounded.
A sourceless malevolence fills the Snake Pit...
With a horrendous wail, an alarm goes off!
A sentinel's mark forms upon you.
You feel sick.
You hear an angry hiss.
You hear a shout! x3
* * * LOW HITPOINT WARNING * * *
You are more poisoned.
The black mamba is distracted by your dazzling golden aura.
The anaconda completely misses you. The anaconda constricts you.
* * * LOW HITPOINT WARNING * * *
The black mamba closely misses you. The black mamba misses you.
The black mamba hisses angrily.
You are too berserk!
You barely miss the anaconda.
The anaconda is lightly wounded.
You feel sick. The anaconda closely misses you. The anaconda constricts you.
* * * LOW HITPOINT WARNING * * *
A mana viper comes into view.
The black mamba closely misses you.
The black mamba is distracted by your dazzling golden aura.
A salamander mystic comes into view. It is wielding a +0 dagger.
The black mamba is distracted by your dazzling golden aura.
The anaconda bites you!
* * * LOW HITPOINT WARNING * * *
The anaconda constricts you.
* * * LOW HITPOINT WARNING * * *
The black mamba hisses angrily.
You miss the anaconda.
The anaconda is lightly wounded.
* * * LOW HITPOINT WARNING * * *
You feel sick.
* * * LOW HITPOINT WARNING * * *
You are more poisoned.
The black mamba is distracted by your dazzling golden aura.
The mana viper is distracted by your dazzling golden aura.
The anaconda barely misses you. The anaconda constricts you.
You die...
Your body crumbles into a pile of gold.

#....#*,,,**,,,,*
*##....#,,..,#...S##
*#.....#,,,N.#.....#
*#...N.#,,,,S#.N)..#
*#.....+,,,,,'...N.#
*#..SS.#,,,,,#N...N#
*#..N..#,,,,,#.NN..#
##..S.#,,,,,#.SSS#*
#....#*,,,*#.S@.#
##..N.*,,,#..NS##
##..?#*,*#...##
##...*,#"..#*
*####+####* ###
#.#,**,* #.#
#.#,,,,* #S#
#.#*,*** #.# #.#,,*


You could see a naga warrior, a salamander mystic, a salamander, an anaconda, a
naga ritualist (toxic aura), a mana viper (unaware), 5 black mambas, a naga mage
and 3 nagas.

Vanquished Creatures
  A hydra (Lair:4)
  A catoblepas (Lair:5)
  An anaconda (Snake:1)
  A two-headed ogre (D:11)
  A naga warrior (Snake:1)
  Urug (Lair:5)
  A thrashing horror (Lair:5)
  A death yak (Lair:5)
  A naga sharpshooter (Snake:1)
  A skeletal warrior (D:11)
  A naga ritualist (Snake:1)
  4 orc knights
  A mana viper (Snake:1)
  An orc sorcerer (Orc:1)
  An ugly thing (Lair:5)
  A manticore (D:11)
  A naga mage (Snake:2)
  A guardian serpent (Snake:1)
  6 black mambas
  2 cane toads
  A komodo dragon (Lair:5)
  3 trolls
  A polar bear (Lair:5)
  7 blink frogs
  7 dream sheep (Lair:5)
  A ynoxinul (Lair:5)
  A wyvern (Lair:3)
  2 basilisks (Lair:5)
  5 wargs
  4 nagas
  5 water moccasins
  19 orc warriors
  3 ogres (Orc:1)
  2 bullfrogs
  5 electric eels
  A howler monkey (D:11)
  6 small abominations (Lair:5)
  8 orc priests
  6 orc wizards
  33 orcs
  A giant cockroach (D:1)
  A hobgoblin (D:4)
  A jackal (D:3)
  A bat (D:1)
  A frilled lizard (D:1)
154 creatures vanquished.

Vanquished Creatures (collateral kills)
  4 hydras
  An ogre mage (Orc:1)
  A boulder beetle (Lair:3)
  4 two-headed ogres
  2 anacondas (Snake:1)
  4 death yaks (Lair:5)
  2 naga warriors (Snake:1)
  A thrashing horror (Lair:5)
  A naga sharpshooter (Snake:1)
  2 naga ritualists (Snake:1)
  A bog body (Lair:2)
  4 orc knights (Orc:2)
  A mana viper (Snake:1)
  An orc sorcerer (D:10)
  A salamander (Snake:1)
  8 elephants (Lair:4)
  2 cyclopes (D:11)
  6 black mambas
  A naga mage (Snake:1)
  2 gargoyles
  2 smoke demons (Lair:5)
  11 cane toads
  A kobold demonologist (D:11)
  4 komodo dragons
  An ancient zyme (Lair:5)
  3 polar bears (Lair:5)
  3 trolls (D:11)
  A hornet (D:8)
  Prince Ribbit (D:7)
  2 slime creatures (D:12)
  8 dream sheep
  6 blink frogs
  5 shadows
  Sigmund (D:3)
  2 wraiths
  2 wyverns
  4 small abominations (Lair:5)
  A vampire (D:11)
  6 fire bats
  14 yaks
  3 basilisks (Lair:5)
  A chaos spawn (Lair:5)
  2 steam dragons
  Grum (D:10)
  3 vampire mosquitoes (D:11)
  A warg (Orc:2)
  7 nagas
  3 swamp worms (Lair:2)
  12 water moccasins
  A hell hound (Lair:3)
  A sky beast (D:7)
  2 black bears
  13 orc warriors
  3 ogres
  A wolf (D:10)
  2 phantoms
  3 kobold brigands
  5 bullfrogs
  A gnoll sergeant (D:8)
  2 scorpions
  7 wights
  2 necrophages
  A troll zombie (D:10)
  7 killer bees
  A howler monkey (D:9)
  A lava snake (Lair:5)
  2 hounds
  2 jellies
  A gnoll bouda (D:5)
  6 orc priests
  A human skeleton (D:3)
  9 orc wizards
  4 ogre zombies (D:10)
  10 gnolls
  9 adders
  3 white imps (D:7)
  An ufetubus (D:7)
  2 worms
  2 dart slugs (D:1)
  41 orcs
  15 ball pythons
  3 bats
  6 endoplasms
  4 giant cockroaches
  7 hobgoblins
  6 jackals
  23 kobolds
  5 quokkas
  4 frilled lizards
  14 goblins
  2 goblin zombies (D:10)
  5 orc skeletons (D:10)
  10 orc zombies (D:10)
  6 rats
416 creatures vanquished.

Vanquished Creatures (others)
  2 hydras
  2 anacondas (Snake:1)
  A naga warrior (Snake:1)
  2 death yaks (Lair:5)
  A shock serpent (Snake:1)
  An orc high priest (Orc:1)
  2 thrashing horrors (Lair:5)
  3 large abominations (Lair:5)
  2 orc knights
  An orc sorcerer (Orc:1)
  2 cyclopes (D:11)
  A slime creature (D:12)
  5 black mambas
  A torpor snail (Lair:2)
  3 cane toads (Lair:4)
  Maggie (D:9)
  A rime drake (Lair:4)
  A komodo dragon (Lair:2)
  A troll (D:9)
  2 polar bears
  A hornet (D:9)
  3 blink frogs (Lair:5)
  2 small abominations (Lair:5)
  A spriggan (Lair:5)
  A shadow (D:10)
  17 yaks
  A chaos spawn (Lair:5)
  2 basilisks
  Eustachio (D:4)
  3 vampire mosquitoes (D:11)
  Edmund (D:4)
  A warg (Orc:2)
  A naga (Snake:1)
  5 orc warriors
  A centaur (D:11)
  3 wolves (D:10)
  An ogre (Orc:1)
  A wight (D:9)
  A troll zombie (D:10)
  A killer bee (D:6)
  A hound (D:7)
  An orc priest (Orc:1)
  2 ogre zombies (D:10)
  3 gnolls
  4 orcs
  A goblin zombie (D:10)
  A hobgoblin skeleton (D:10)
  2 hobgoblin zombies (D:10)
  An orc skeleton (D:10)
  3 orc zombies (D:10)
  A bush (Lair:4)
  26 fungi
  45 plants
174 creatures vanquished.

Grand Total: 744 creatures vanquished

Notes
Turn   | Place    | Note
-------+----------+-------------------------------------------
     0 | D:1      | croobank the Felid Summoner began the quest for the Orb.
     0 | D:1      | Reached XP level 1. HP: 7/7 MP: 4/4
   451 | D:1      | Reached skill level 3 in Dodging
   451 | D:1      | Reached XP level 2. HP: 11/11 MP: 3/6
   454 | D:1      | Learned a level 2 spell: Call Imp
   859 | D:1      | Reached XP level 3. HP: 10/14 MP: 3/7
   903 | D:1      | Learned a level 3 spell: Call Canine Familiar
  1946 | D:2      | Reached XP level 4. HP: 5/18 MP: 5/9
  2533 | D:3      | Found a faded altar of an unknown god.
  2576 | D:3      | Found a shimmering blue altar of Sif Muna.
  2795 | D:3      | Reached skill level 4 in Dodging
  2795 | D:3      | Reached skill level 1 in Hexes
  2907 | D:3      | Noticed a human
  2908 | D:3      | Found a runed translucent door.
  2914 | D:3      | Reached XP level 5. HP: 21/21 MP: 3/10
  2971 | D:3      | Found a basalt altar of Yredelemnul.
  2976 | D:3      | Learned a level 3 spell: Summon Guardian Golem
  3218 | D:3      | Reached skill level 1 in Fighting
  3809 | D:3      | Noticed Sigmund
  3858 | D:3      | Killed Sigmund
  3859 | D:3      | Reached skill level 5 in Summonings
  3859 | D:3      | Gained mutation: You are covered in thick fur. (AC +2)
                  | [Felid growth]
  3859 | D:3      | Reached XP level 6. HP: 26/26 MP: 0/12
  4203 | D:4      | Identified the +7 hand axe of Immorality {vorpal, rElec
                  | rCorr}
  4257 | D:4      | Found a staircase to the Ecumenical Temple.
  4257 | D:4      | Noticed Eustachio
  4288 | Temple   | Entered the Ecumenical Temple
  4396 | Temple   | Became a worshipper of Gozag Ym Sagoz the Greedy
  4424 | D:4      | Killed Eustachio
  4425 | D:4      | Reached skill level 5 in Dodging
  4460 | D:4      | Reached XP level 7. HP: 6/30 MP: 3/13
  4489 | D:4      | Noticed Edmund
  4496 | D:4      | Killed from afar by Edmund
  4497 | D:4      | Reached XP level 6. HP: 0/27 MP: 5/12
  4582 | D:4      | Killed Edmund
  4583 | D:4      | Reached XP level 7. HP: 17/31 MP: 3/14
  4864 | D:4      | Found a transporter.
  5020 | D:4      | Noticed TheSexyCheese's ghost (amateur HOFi)
  5021 | D:4      | Found a transporter.
  5218 | D:4      | Found a stormy altar of Qazlal.
  5255 | D:5      | Entered Level 5 of the Dungeon
  5386 | D:5      | Learned a level 4 spell: Summon Lightning Spire
  5412 | D:5      | Found a shadowy altar of Dithmenos.
  5719 | D:5      | Found Oskiesuo's Magic Scroll Shoppe.
  5722 | D:5      | Bought a scroll of identify for 26 gold pieces
  5722 | D:5      | Bought a scroll of identify for 26 gold pieces
  5722 | D:5      | Bought a scroll of vulnerability for 52 gold pieces
  5722 | D:5      | Bought a scroll of identify for 26 gold pieces
  5722 | D:5      | Bought a scroll of vulnerability for 52 gold pieces
  5722 | D:5      | Bought a scroll of teleportation for 39 gold pieces
  5722 | D:5      | Bought a scroll of teleportation for 39 gold pieces
  5722 | D:5      | Bought a scroll of identify for 26 gold pieces
  5774 | D:5      | Reached skill level 6 in Dodging
  5774 | D:5      | Reached skill level 5 in Hexes
  5774 | D:5      | Reached skill level 1 in Air Magic
  6024 | D:5      | Found a runed translucent door.
  6025 | D:5      | Noticed Crazy Yiuf
  6240 | D:5      | Found a blossoming altar of Fedhas.
  6741 | D:6      | Reached XP level 8. HP: 36/36 MP: 8/16
  6912 | D:6      | Found Ezonoqibin's Distillery.
  6916 | D:6      | Bought a potion of heal wounds for 55 gold pieces
  7034 | D:6      | Found an iron altar of Okawaru.
  7333 | D:6      | Reached skill level 5 in Spellcasting
  7414 | D:6      | Found Pienuhom's Antique Armour Shop.
  7704 | D:7      | Found a glowing silver altar of Zin.
  7722 | D:7      | Reached skill level 7 in Dodging
  7724 | D:7      | Found a white marble altar of Elyvilon.
  7831 | D:7      | Noticed Prince Ribbit
  7878 | D:7      | Killed Prince Ribbit
  8127 | D:7      | Identified the ring "Onimih" {Wiz rF- Int+9 Dex-5 SInv}
  8141 | D:7      | Found a snail-covered altar of Cheibriados.
  8164 | D:7      | Found a sparkling altar of Nemelex Xobeh.
  8501 | D:7      | Found a shimmering altar of Xom.
  8533 | D:7      | Reached XP level 9. HP: 40/40 MP: 13/18
  8645 | D:7      | Reached skill level 5 in Fighting
  9374 | D:8      | Reached skill level 8 in Dodging
  9959 | D:8      | Found a staircase to the Lair.
 10005 | D:8      | Identified the +9 great mace "Qoatz" {antimagic, rCorr
                  | Int+4 Stlth+}
 10838 | D:9      | Noticed Maggie
 10874 | D:9      | Killed Maggie
 10875 | D:9      | Reached skill level 9 in Dodging
 10875 | D:9      | Reached XP level 10. HP: 45/45 MP: 11/20
 11137 | D:9      | Reached skill level 5 in Air Magic
 11324 | D:9      | Learned a level 1 spell: Apportation
 11712 | D:10     | Entered Level 10 of the Dungeon
 11723 | D:10     | Noticed a gargoyle
 12296 | D:10     | Reached skill level 1 in Translocations
 12584 | D:10     | Killed a gargoyle
 12585 | D:10     | Reached skill level 10 in Dodging
 12911 | D:10     | Found a staircase to the Orcish Mines.
 13004 | D:10     | Noticed a fire dragon
 13005 | D:10     | Noticed an ice dragon
 13006 | D:10     | Noticed a fire dragon
 13008 | D:10     | Noticed an ice dragon
 13010 | D:10     | Found a runed translucent door.
 13010 | D:10     | Found the +2 shield of Resistance {rF++ rC++ Will++}
 13011 | D:10     | Found a runed translucent door.
 13292 | D:10     | Found a broken altar of Ashenzari.
 13296 | D:10     | Saw a vision of the Swamp and the Snake Pit.
 13296 | D:10     | Noticed an eleionoma
 13296 | D:10     | Noticed an alligator
 13296 | D:10     | Noticed a bog body
 13296 | D:10     | Noticed a bog body
 13296 | D:10     | Noticed a goliath frog
 13296 | D:10     | Noticed a mana viper
 13296 | D:10     | Noticed a naga mage
 13296 | D:10     | Noticed a naga mage
 13296 | D:10     | Noticed a naga ritualist
 13296 | D:10     | Noticed a mana viper
 13297 | D:10     | Noticed a will-o-the-wisp
 13297 | D:10     | Noticed a shock serpent
 13304 | D:10     | Noticed Grum
 13324 | D:10     | Noticed a two-headed ogre
 13340 | D:10     | Killed a two-headed ogre
 13341 | D:10     | Reached XP level 11. HP: 49/50 MP: 2/23
 13347 | D:10     | Killed Grum
 13737 | D:10     | Learned a level 4 spell: Airstrike
 13920 | D:11     | Found a glowing silver altar of Zin.
 14195 | D:11     | Noticed a two-headed ogre
 14205 | D:11     | Killed a two-headed ogre
 14514 | D:11     | Killed by an exploding themself... ignited by their inner
                  | flame
 14515 | D:11     | Reached XP level 10. HP: -6/48 MP: 0/22
 14622 | D:11     | Noticed a skeletal warrior
 14624 | D:11     | Noticed a two-headed ogre
 14633 | D:11     | Noticed a two-headed ogre
 14637 | D:11     | Killed a two-headed ogre
 14640 | D:11     | Killed a two-headed ogre
 14641 | D:11     | Reached skill level 11 in Dodging
 14681 | D:11     | Killed a skeletal warrior
 14747 | D:11     | Killed a manticore
 14963 | D:11     | Noticed a cyclops
 14981 | D:11     | Killed a cyclops
 14982 | D:11     | Reached XP level 11. HP: 47/51 MP: 5/24
 15470 | D:11     | Got the Writings on Terrain and Exhumation
 16499 | D:12     | Noticed a two-headed ogre
 16507 | D:12     | Killed a two-headed ogre
 16646 | D:12     | Reached skill level 12 in Dodging
 16646 | D:12     | Reached skill level 10 in Summonings
 16716 | D:12     | Noticed a red ugly thing
 16962 | D:12     | Noticed a seven-headed hydra
 16971 | D:12     | Killed a seven-headed hydra
 17135 | Lair:1   | Entered Level 1 of the Lair of Beasts
 17167 | Lair:1   | Noticed an eight-headed hydra
 17182 | Lair:1   | Killed an eight-headed hydra
 18523 | Lair:2   | Gained mutation: Your thick and shaggy fur keeps you warm.
                  | (AC +3, rC+) [Felid growth]
 18523 | Lair:2   | Reached XP level 12. HP: 57/57 MP: 16/26
 18645 | Lair:2   | Reached skill level 13 in Dodging
 18707 | Lair:2   | Noticed a five-headed hydra
 18719 | Lair:2   | Killed a five-headed hydra
 18863 | Lair:2   | Reached skill level 10 in Fighting
 19208 | Lair:2   | Found a staircase to the Swamp.
 19812 | Lair:2   | Identified the +5 mace of the Saviour {pain, rF+ Dex+3
                  | SInv}
 20300 | Lair:3   | Reached skill level 10 in Spellcasting
 20401 | Lair:3   | Found a staircase to the Snake Pit.
 20519 | Lair:3   | Found a dark tunnel.
 20530 | Volcano  | Entered a volcano
 20830 | Lair:3   | Found a runed translucent gate.
 20830 | Lair:3   | Found a runed translucent gate.
 20830 | Lair:3   | Found a runed translucent gate.
 20830 | Lair:3   | Noticed a boulder beetle
 20832 | Lair:3   | Noticed a 13-headed hydra
 20833 | Lair:3   | Noticed mortz's ghost (journeyman DgCj)
 20833 | Lair:3   | Noticed a 13-headed hydra
 20842 | Lair:3   | Mangled by a boulder beetle
 20843 | Lair:3   | Reached XP level 11. HP: -8/55 MP: 0/26
 20969 | Lair:3   | Reached skill level 14 in Dodging
 20971 | Lair:3   | Killed a boulder beetle
 21818 | Lair:4   | Noticed a seven-headed hydra
 21905 | Lair:4   | Killed a seven-headed hydra
 22359 | Lair:4   | Reached XP level 12. HP: 60/60 MP: 15/27
 22612 | Lair:4   | Reached skill level 15 in Dodging
 22752 | Lair:4   | Found a viscous altar of Jiyva.
 22752 | Lair:4   | Found a staircase to the Slime Pits.
 23231 | Lair:5   | Entered Level 5 of the Lair of Beasts
 23811 | Lair:5   | Noticed a six-headed hydra
 23816 | Lair:5   | Killed a six-headed hydra
 24122 | Lair:5   | Identified the +2 plate armour "Niluhao" {+Blink rN++}
 24213 | Lair:5   | Noticed an eight-headed hydra
 24508 | Lair:4   | Killed an eight-headed hydra
 24587 | Lair:5   | Noticed a death yak
 24990 | Lair:5   | Killed a death yak
 25272 | Lair:5   | Reached XP level 13. HP: 38/64 MP: 4/28
 25470 | Lair:5   | Reached skill level 16 in Dodging
 25777 | Lair:5   | Found a white marble altar of Elyvilon.
 25803 | Lair:5   | Reached skill level 5 in Translocations
 27000 | Lair:5   | Identified the +6 flail of the Imperium {vorpal, rCorr}
 27374 | Lair:5   | Noticed Urug
 27385 | Lair:5   | Killed Urug
 29967 | Lair:5   | Found a corrupted altar of Lugonu.
 29967 | Lair:5   | Found a one-way gate to the infinite horrors of the Abyss.
 30353 | Orc:1    | Entered Level 1 of the Orcish Mines
 30793 | D:10     | Reached XP level 14. HP: 52/69 MP: 3/29
 33225 | Orc:2    | Entered Level 2 of the Orcish Mines
 33288 | Orc:2    | Found a transporter.
 33289 | Orc:2    | Found a transporter.
 33298 | Orc:2    | Found a bloodstained altar of Trog.
 33298 | Orc:2    | Noticed miserystealer's ghost (journeyman GnAM)
 33491 | Orc:2    | Reached skill level 17 in Dodging
 34498 | Orc:2    | Found a staircase to the Elven Halls.
 35128 | Orc:2    | Found Epesmimn's Armour Emporium.
 35128 | Orc:2    | Found Nykloa's Armour Boutique.
 36697 | Orc:2    | Found Fair's Jewellery Emporium.
 36697 | Orc:2    | Found Guhalo Lome's Book Boutique.
 36701 | Orc:2    | Bought the amulet of the Four Winds {rN+ Will+++ Clar} for
                  | 1031 gold pieces
 36701 | Orc:2    | Found the amulet of the Four Winds {rN+ Will+++ Clar}
 36721 | Orc:2    | Bought an Inescapable Atlas for 476 gold pieces
 36729 | Orc:2    | Learned a level 7 spell: Storm Form
 37125 | Snake:1  | Entered Level 1 of the Snake Pit
 37150 | Snake:1  | Found a runed translucent door.
 37205 | Snake:1  | Found Beoryak's General Store.
 37266 | Snake:1  | Reached skill level 1 in Transmutations
 37292 | Snake:1  | HP: 3/70 [black mamba[a naga ritualist] (16)]
 37310 | Snake:1  | Shot with a bolt by a naga sharpshooter
 37311 | Snake:1  | Reached XP level 13. HP: -8/66 MP: 5/29
 37314 | Snake:1  | Learned a level 2 spell: Blink
 37451 | Snake:1  | HP: 2/66 [naga warrior/splash of poison (2)]
 37833 | Lair:3   | Learned a level 5 spell: Manifold Assault
 37917 | Snake:1  | Reached XP level 14. HP: 42/70 MP: 2/30
 39315 | Snake:2  | HP: 2/70 [naga sharpshooter/bolt (16)]
 39320 | Snake:2  | HP: 5/105 [poisoned by a naga ritualist (toxic radiance)]
 39320 | Snake:2  | HP: 2/105 [naga ritualist/Olgreb's Toxic Radiance (3)]
 39320 | Snake:2  | Constricted to death by an anaconda

Illustrated notes

Levels and vault maps discovered:
D:1:      matt_arrival_spirals, layout_rooms, minmay_distorted
D:2:      layout_basic
D:3:      layout_loops_ring, dk_yredelemnul_ordeal,
          nicolae_sif_muna_condensation, ebering_ecumenical_altar_petrified,
          minmay_joined_circles, uniq_sigmund
D:4:      layout_rooms, nicolae_qazlal_eye_of_the_storm,
          minmay_temple_entry_drinking_statues, gammafunk_ghost_mausoleum,
          sigmund_army, uniq_eustachio, uniq_edmund
D:5:      layout_gridville, mainiacjoe_overflow_concentric_impassable,
          mainiacjoe_overflow_cross_hatched, serial_shops, kennysheep_mini_moat,
          uniq_crazy_yiuf_cottage
D:6:      layout_loops_ring, kennysheep_okawaru_gauntlet, serial_shops,
          shop_statue, shop, nicolae_underground_beach
D:7:      layout_gridville, grunt_temple_overflow_open,
          nicolae_overflow_crystal_walls, uniq_prince_ribbit1
D:8:      layout_basic, lair_entry_dummy, corexii_checkpoint_a, minivault_21,
          hangedman_incinerator
D:9:      layout_roguey, uniq_maggie
D:10:     layout_basic, grunt_ashenzari_visionary
          [grunt_ashenzari_visionary_swamp, grunt_ashenzari_visionary_snake],
          zombieorc2_lemuel, minmay_guarded_unrand_resistance, uniq_grum
D:11:     minmay_thinvault, layout_grid_maze, zin_statuary
D:12:     layout_basic, uniq_snorg
Temple:   hellmonk_temple_micro_hex
Lair:1:   layout_chaotic_city
Lair:2:   layout_concentric_octagons, nicolae_swamp_entry_splash_gauntlet,
          eino_small_chamber_without_monster
Lair:3:   layout_big_grid, minmay_snake_entry_guardpost_large,
          gammafunk_ghost_hydra_chop, nicolae_volcano_entry_batcave,
          serial_bayou_shore_b, serial_bayou_shore_b
Lair:4:   layout_loops_ring, slime_entry_1
Lair:5:   hellmonk_lair_end_abyssal_woods, layout_gridlike, basic_altar,
          nicolae_quartered_pool_super, st_stairs_11, gammafunk_lair_bear_cave,
          uniq_urug
Snake:1:  cheibrodos_toxic_ritual, layout_misc_corridors, serial_shops,
          nicolae_shop_waterfront
Snake:2:  hangedman_cross_veins, layout_rooms, serial_shops, nicolae_shop_trees,
          nicolae_snake_magic_snake_eye
Orc:1:    layout_caves, nicolae_orc_lava_tube, mines4_lemuel
Orc:2:    st_orc_town, layout_caves, gammafunk_ghost_wrathful_warriors

Skill      XL: |  1  2  3  4  5  6  7  8  9 10 11 12 13 14 |
---------------+-------------------------------------------+-----
Stealth        | 3 4 |  4.0
Dodging        | 3 4 5 6 7 9 11 14 15 16 17 | 17.6
Hexes          | 1 2 4 5 7 |  7.0
Fighting       | 1 3 4 6 8 11 12 13 | 13.6
Spellcasting   | 3 4 5 6 8 9 10 11 | 11.7
Summonings     | 5 6 7 8 10 11 | 11.9
Air Magic      | 1 3 4 5 7 |  7.6
Translocations | 3 4 7 9 |  9.1
Transmutations | 2 3 |  3.1

Action                   |  1- 3 |  4- 6 |  7- 9 | 10-12 | 13-15 || total
-------------------------+-------+-------+-------+-------+-------++-------
Melee: Unarmed           |    33 |    10 |     9 |    38 |    52 ||   142
       Bite              |     3 |       |       |     4 |     3 ||    10
       Punch             |       |       |       |       |     2 ||     2
 Cast: Summon Small Mamm |    45 |    54 |    96 |    85 |    25 ||   305
       Call Imp          |     5 |    21 |    31 |    29 |     9 ||    95
       Call Canine Famil |       |    16 |    41 |    74 |    27 ||   158
       Summon Guardian G |       |     7 |    32 |    96 |    65 ||   200
       Summon Lightning  |       |       |     7 |    82 |    81 ||   170
       Airstrike         |       |       |       |    67 |   256 ||   323
       Apportation       |       |       |       |     4 |    14 ||    18
       Blink             |       |       |       |       |     4 ||     4
       Manifold Assault  |       |       |       |       |     4 ||     4
Invok: Potion Petition   |       |       |       |     1 |     6 ||     7
Evoke: Wand              |       |       |       |    23 |    18 ||    41
       Lightning rod     |       |       |       |     1 |     5 ||     6
       Condenser vane    |       |       |       |       |     2 ||     2
  Use: Scroll            |     5 |     2 |    16 |    11 |    12 ||    46
       Potion            |       |     2 |     2 |     2 |     8 ||    14
Armor: Skin              |     1 |     8 |    10 |    16 |     5 ||    40
Dodge: Dodged            |    29 |    82 |    71 |   186 |   293 ||   661
